 Dungeon Sprint DCSS version 0.28-a0-1518-gbe868bca14 (webtiles) character file.

Game seed: 3579138884689800980

259 mhtbhm the Chopper (level 5, -1/91 HPs)
             Began as a Troll Berserker on Jan 16, 2022.
             Was a Priest of Trog.
             Slain by a human (11 damage)
             ... in the Dungeon (Sprint III: "The Ten Rune Challenge").
             The game lasted 00:00:49 (314 turns).

mhtbhm the Chopper (Troll Berserker)                 Turns: 314, Time: 00:00:49

Health: -1/91      AC:  4    Str: 27    XL:     5   Next: 94%
Magic:  4/4        EV: 11    Int:  3    God:    Trog [***...]
Gold:   17         SH:  0    Dex:  9    Spells: 4/4 levels left

rFire   . . .      SeeInvis .   a - +0 hand axe
rCold   . . .      Faith    .   (no shield)
rNeg    . . .      Spirit   .   b - +0 animal skin
rPois   .          Reflect  .   (helmet restricted)
rElec   .          Harm     .   (no cloak)
rCorr   .          Rampage  .   (gloves unavailable)
Will    .....      NoTele   +   (boots unavailable)
Stlth   ..........              (no amulet)
HPRegen 1.05/turn               (no ring)
MPRegen 0.09/turn               (no ring)

@: berserking (expiring), very quick
A: large, unfitting armour, claws 3, regeneration 1, shaggy fur 1, tough skin 1
a: Renounce Religion, Berserk, Trog's Hand


You were in the Dungeon.
You worshipped Trog.
Trog was most pleased with you.
You visited 1 branch You collected 17 gold pieces.

Inventory:

Hand Weapons
 a - a +0 hand axe (weapon)
Armour
 b - a +0 animal skin (worn)
Scrolls
 h - a scroll of blinking
 i - 2 scrolls of torment {unknown}
 j - a scroll of holy word {unknown}
 k - 2 scrolls of identify
 m - a scroll of fog {unknown}
Potions
 c - 2 potions of curing
 d - a potion of heal wounds
 e - a potion of haste
 f - 2 potions of magic
 g - a potion of berserk rage
 l - 2 potions of flight {unknown}
 n - 4 potions of mutation


   Skills:
 + Level 6.4 Fighting
 + Level 6.7 Axes
 + Level 6.2 Dodging


You had 4 spell levels left.
You didn't know any spells.
Your spell library was empty.

Dungeon Overview and Level Annotations

Branches:
Dungeon (1/1)

Altars:
Okawaru
Trog
Uskayaw
Wu Jian
Beogh


Innate Abilities, Weirdness & Mutations

You are too large for most types of armour.
You have claws for hands.
Your natural rate of healing is unusually fast.
You are covered in fur. (AC +1)
You have tough skin. (AC +1)


Message History

Unknown command.
You closely miss the human.
The human is heavily wounded.
You slash the human! The human hits you with a +0 spear.
You completely miss the human.
The human is heavily wounded.
You slash the human!
You kill the human!
Trog accepts your kill. The human hits you with a +0 spear!
Your Fighting skill increases to level 6!
Your Axes skill increases to level 6!
Your Dodging skill increases to level 6!
You have reached level 5!
You barely miss the human.
The human is heavily wounded.
The human hits you with a +0 spear!
You barely miss the human.
The human is heavily wounded.
The human hits you with a +0 spear!
* * * LOW HITPOINT WARNING * * *
You hit the human.
The human is heavily wounded.
The human hits you with a +0 spear.
* * * LOW HITPOINT WARNING * * *
You hit the human.
The human is severely wounded.
The human hits you but does no damage.
You closely miss the human.
The human is severely wounded.
The human hits you with a +0 spear.
* * * LOW HITPOINT WARNING * * *
You closely miss the human.
The human is severely wounded.
The human hits you with a +0 spear!
* * * LOW HITPOINT WARNING * * *
You closely miss the human.
The human is severely wounded.
The human hits you with a +0 spear!
You die...

▓▓ ▓▓▓ .#### ##.# #####
....#####..# #___#
...†.#..#..# #p_.#
##...#..#..###+#@###+##
###..##'#..#...†......#
.##..###...'.⌠........#
##.)####...#...######+#
##..###....#.⌠.#
#...##.....#...#
....#†.†...#+###
..##.#.....# ..
####....#


You could see a human (berserk).

Vanquished Creatures
  A water elemental (D)
  Jessica (D)
  2 humans (D)
  A wolf (D)
  3 rats (D)
8 creatures vanquished.

Notes
Turn   | Place    | Note
-------+----------+-------------------------------------------
     0 | D        | mhtbhm the Troll Berserker began the quest for the Orb.
     0 | D        | Reached XP level 1. HP: 22/22 MP: 0/0
    28 | D        | Reached ** piety under Trog
    29 | D        | Noticed Jessica
    40 | D        | Killed Jessica
    41 | D        | Reached XP level 2. HP: 22/32 MP: 1/1
    98 | D        | Reached XP level 3. HP: 39/39 MP: 2/2
   250 | D        | Noticed a water elemental
   257 | D        | Killed a water elemental
   257 | D        | Reached *** piety under Trog
   258 | D        | Reached skill level 5 in Fighting
   258 | D        | Reached skill level 5 in Axes
   258 | D        | Reached skill level 5 in Dodging
   258 | D        | Reached XP level 4. HP: 42/50 MP: 3/3
   294 | D        | Found a hide-covered altar of Uskayaw.
   294 | D        | Found an iron altar of Okawaru.
   294 | D        | Found a bloodstained altar of Trog.
   294 | D        | Found an ornate altar of the Wu Jian Council.
   294 | D        | Noticed a human
   295 | D        | Noticed a human
   307 | D        | Killed a human
   308 | D        | Reached XP level 5. HP: 46/61 MP: 4/4
   314 | D        | Slain by a human

Illustrated notes

Levels and vault maps discovered:
D:        dungeon_sprint_mu [sprint_mu_entry_cave, sprint_mu_temple_rooms,
          sprint_mu_d1_horrors, sprint_mu_d2_genie, sprint_mu_d3_branching,
          sprint_mu_orc_legion, sprint_mu_elf_gauntlet, sprint_mu_hive_nellie,
          sprint_mu_lair_fedhas, sprint_mu_vaults_butterflies,
          sprint_mu_slime_circle, sprint_mu_shoals_archi,
          sprint_mu_snake_twists, sprint_mu_blade_basic,
          sprint_mu_crypt_fortress, sprint_mu_tomb_spiral,
          sprint_mu_vestibule_basic, sprint_mu_gehenna_hellfire,
          sprint_mu_dis_giant, sprint_mu_tartarus_statrot,
          sprint_mu_cocytus_islands, sprint_mu_zot1]

Skill      XL: |  1  2  3  4 |
---------------+-------------+-----
Fighting       | 3 4 5 6 |  6.4
Axes           | 3 4 5 6 |  6.7
Dodging        | 3 4 5 6 |  6.2

Action                   |  1- 3 |  4- 6 || total
-------------------------+-------+-------++-------
Melee: Hand axe          |    37 |    18 ||    55
       Punch             |     1 |       ||     1
Invok: Berserk           |     3 |     1 ||     4
Armor: Animal skin       |     8 |     1 ||     9
Dodge: Dodged            |    14 |     4 ||    18

Table legend: (Time is in decaauts)
 A = Elapsed time spent in this place.
 B = Non-inter-level travel time spent in this place.
 C = Inter-level travel time spent in this place.
 D = Time resting spent in this place.
 E = Time spent auto-exploring this place.
 F = Levels seen in this place.
 G = Mean time per level.
                   A        B        C        D        E       F      G
               +--------+--------+--------+--------+--------+-----+--------+
         Total |    335 |    335 |      0 |    197 |     16 |   1 |  335.0 |
       Dungeon |    335 |    335 |      0 |    197 |     16 |   1 |  335.0 |
               +--------+--------+--------+--------+--------+-----+--------+

Top non-repeatable levels by time:
       D: 335 daAuts
